 Dungeon Crawl Stone Soup version 0.17-a0-1954-g0dddeaa (webtiles) character file.

49 Shim the Chucker (level 4, 0/27 HPs)
             Began as a Kobold Hunter on Oct 3, 2015.
             Succumbed to an adder's poison
             ... on level 2 of the Dungeon.
             The game lasted 00:10:23 (1534 turns).

Shim the Chucker (Kobold Hunter)                    Turns: 1534, Time: 00:10:24

Health: 0/27       AC:  6    Str: 16    XL:     4   Next: 2%
Magic:  4/4        EV: 15    Int: 14    God:
Gold:   80         SH:  0    Dex: 16    Spells: 0 memorised, 3 levels left

rFire  . . .     SeeInvis .     c - +0 short sword
rCold  . . .     Clarity  +     d - +0 leather armour
rNeg   . . .     SustAt   .     (shield restricted)
rPois  +         Gourm    .     (helmet restricted)
rElec  .         Spirit   .     (no cloak)
rCorr  .         Warding  .     r - +2 pair of gloves
rMut   .         Stasis   .     (no boots)
MR     .....                    (no amulet)
Stlth  ++........               (no ring)
                                (no ring)

@: mighty, brilliant, lethally poisoned (0 -> -4), not resistant to hostile
enchantments, unstealthy
A: horns 1, carnivore 3, clarity, poison resistance
a: no special abilities


You were on level 2 of the Dungeon.
You were full.

You visited 1 branch of the dungeon, and saw 2 of its levels.

You collected 80 gold pieces.

Inventory:

Hand weapons
 c - a +0 short sword (weapon)
 p - a +0 hand axe
Missiles
 a - 3 tomahawks
 b - a throwing net (quivered)
Armour
 d - a +0 leather armour (worn)
 f - a +0 leather armour
 r - a +2 pair of gloves (worn)
Scrolls
 l - a scroll of random uselessness {unknown}
 o - a scroll of immolation {unknown}
 s - a scroll of fear {unknown}
Potions
 j - a potion of degeneration {unknown}
 k - 2 potions of curing {unknown}
 q - a potion of haste {unknown}
Comestibles
 e - 2 meat rations
 h - 6 fruits
 n - a beef jerky


   Skills:
 + Level 2.6 Fighting
 + Level 6.5 Throwing
 + Level 0.5 Armour
 + Level 2.5 Dodging
 + Level 1.5 Stealth


You had 3 spell levels left.
You didn't know any spells.

Dungeon Overview and Level Annotations

Branches:
Dungeon (2/15)

Altars:


Innate Abilities, Weirdness & Mutations

You are small and have problems with some larger weapons.
You are carnivorous and can eat meat at any time.
You have a pair of small horns on your head.
You possess an exceptional clarity of mind.
Your system is resistant to poisons.


Message History

You are more poisoned.
The adder poisons you!
You hit the adder.
You kill the adder!
You have reached level 4!
* * * LOW HITPOINT WARNING * * *
You feel sick.
The kobold struggles against the net.
Drink which item? (? for menu, Esc to quit)
It was a potion of brilliance.
You feel clever all of a sudden.
The kobold struggles against the net.
Drink which item? (? for menu, Esc to quit)
It was a potion of mutation.
You feel extremely strange.
Your thoughts seem clearer.
You feel resistant to poisons. A pair of horns grows on your head!
The kobold struggles against the net.
Drink which item? (? for menu, Esc to quit)
It was a potion of might.
You feel very mighty all of a sudden.
You die...

##.#.#.#!#.#.# #.
#.....(...... #.
##.#.#(#.#.## ##
#..(...(....# .# .. #
##.#.#.#.#.## ####.# ... #.
#...........# ##....#....
#. ##.#>#.#.#.##
#.....#.... #.
#.###.#.#########....#.....
## #..........lK.÷@......#
... ##################...##
# ##.## #.############
#.....†.......
##.##.##.##### #.##.##.#
#.##....# #.#####.#


You could see a kobold (caught) and a giant newt.

Vanquished Creatures
  2 adders (D:2)
  A worm (D:2)
  A giant gecko (D:1)
  3 bats
  2 giant cockroaches (D:1)
  4 hobgoblins
  2 giant newts (D:1)
  4 goblins
  3 jackals (D:1)
  5 kobolds (D:1)
  3 rats (D:1)
30 creatures vanquished.

Notes
Turn   | Place    | Note
--------------------------------------------------------------
     0 | D:1      | Shim the Kobold Hunter began the quest for the Orb.
     0 | D:1      | Reached XP level 1. HP: 12/12 MP: 1/1
   188 | D:1      | Reached XP level 2. HP: 17/17 MP: 2/2
   339 | D:1      | Reached skill level 6 in Throwing
   559 | D:1      | Reached XP level 3. HP: 22/22 MP: 3/3
  1531 | D:2      | Reached XP level 4. HP: 2/27 MP: 4/4
  1531 | D:2      | HP: 1/27 [poisoned by an adder]
  1533 | D:2      | Gained mutation: You possess an exceptional clarity of mind. [potion of mutation]
  1533 | D:2      | Gained mutation: Your system is resistant to poisons. [potion of mutation]
  1533 | D:2      | Gained mutation: You have a pair of small horns on your head. [potion of mutation]
  1534 | D:2      | Succumbed to an adder's poison

Vault maps used:
D:1:      dpeg_arrival_rhombi, minivault_5
D:2:      st_stairs_11, nicolae_gozag_cash_rules_everything_around_me

Action                   |  1- 3 |  4- 6 || total
-------------------------+-------+-------++-------
Melee: Short sword       |    36 |       ||    36
Throw: Tomahawk          |    36 |       ||    36
       Throwing net      |     3 |       ||     3
  Use: Scroll            |     1 |       ||     1
       Potion            |       |     3 ||     3
 Stab: Sleeping          |     1 |       ||     1
  Eat: Chunk             |     4 |       ||     4
       Beef jerky        |     1 |       ||     1
